 Dungeon Crawl Stone Soup version 0.18.1-48-g4cf74bf (webtiles) character file.

22815 Peloso the Blocker (level 12, -6/108 HPs)
             Began as a Minotaur Fighter on July 23, 2016.
             Was a High Priest of Okawaru.
             Engulfed by a cloud of freezing vapour (22 damage)
             ... in an ice cave.
             The game lasted 00:48:04 (12073 turns).

Peloso the Blocker (Minotaur Fighter)              Turns: 12073, Time: 00:48:04

Health: -6/108     AC: 27    Str: 24    XL:     12   Next: 66%
Magic:  12/12      EV: 11    Int:  7    God:    Okawaru [*****.]
Gold:   462        SH: 14    Dex: 18    Spells: 0 memorised, 11 levels left

rFire  + . .     SeeInvis .     a - +1 long sword
rCold  . . .     Gourm    .     x - +0 plate armour
rNeg   . . .     Faith    .     c - +0 shield
rPois  .         Spirit   .     I - +0 hat {Int+3}
rElec  .         Dismiss  .     P - +0 cloak {+Inv}
rCorr  .         Reflect  .     V - +0 pair of gloves "Sururchu" {Int+3 Dex+4 Stlth-}
SustAt .         Harm     .     O - +2 pair of boots of Houlek {Int-4 Slay+6}
MR     .....                    (no amulet)
Stlth  ..........               Y - +5 ring of protection
                                d - ring of protection from fire

@: not resistant to hostile enchantments, extremely unstealthy
A: retaliatory headbutt, horns 2, thin skeletal structure 1
a: Heroism, Finesse, Renounce Religion, Evoke Invisibility


You were in an ice cave.
You worshipped Okawaru.
Okawaru was extremely pleased with you.
You were not hungry.

You visited 3 branches of the dungeon, and saw 14 of its levels.
You also visited: Ice Cave.

You collected 704 gold pieces.
You spent 242 gold pieces at shops.

Inventory:

Hand Weapons
 a - a +1 long sword (weapon)
 A - a +2 dagger of flaming
 R - the +5 spear of the Common Good {flame, *Corrode +Blink rElec SInv}
   (You found it in an ice cave)

   It has been specially enchanted to burn those struck by it, causing extra
   injury to most foes and up to half again as much damage against particularly
   susceptible opponents.
   It insulates you from electricity.
   It lets you see invisible.
   It lets you blink.
   It may corrode you when you take damage.
Armour
 c - a +0 shield (worn)
 v - a +0 cloak
 x - a +0 plate armour (worn)
 I - a +0 hat of intelligence (worn)
 N - the +1 chain mail "Ruhaobbe" {MR++ Str-4 Dex+2}
   (You found it on level 6 of the Dungeon)

   It affects your strength (-4).
   It affects your dexterity (+2).
   It affects your resistance to hostile enchantments.
 O - the +2 pair of boots of Houlek (worn) {Int-4 Slay+6}
   (You acquired it on level 9 of the Dungeon)

   It affects your intelligence (-4).
   It affects your accuracy and damage with ranged weapons and melee attacks
   (+6).
 P - a +0 cloak of invisibility (worn)
 V - the +0 pair of gloves "Sururchu" (worn) {Int+3 Dex+4 Stlth-}
   (Okawaru gifted it to you on level 11 of the Dungeon)

   It affects your intelligence (+3).
   It affects your dexterity (+4).
   It makes you less stealthy.
Jewellery
 d - a ring of protection from fire (left hand)
 p - an uncursed ring of sustain attributes
 q - a +2 ring of evasion
 y - an uncursed ring of flight
 D - an uncursed ring of stealth
 Y - a +5 ring of protection (right hand)
Wands
 g - a wand of iceblast (4/15)
 n - a wand of random effects (21/48)
 K - a wand of slowing (13/48)
 L - a wand of disintegration (10/24)
 X - a wand of enslavement (8/24)
Scrolls
 b - a scroll of blinking
 e - 4 scrolls of remove curse
 h - a scroll of identify
 j - 4 scrolls of teleportation
 o - a scroll of fog
 r - a scroll of amnesia
 H - a scroll of brand weapon
Potions
 l - a potion of might
 u - 2 potions of ambrosia
 w - a potion of berserk rage
 z - 3 potions of heal wounds
 B - 5 potions of curing
 C - 4 potions of brilliance
 E - 4 potions of haste
 G - a potion of cancellation
 J - a potion of magic
 U - a potion of invisibility {unknown}
Books
 s - a book of Battle

   Spells                             Type                      Level
   a - Infusion                       Charms                       1
   b - Shroud of Golubria             Charms/Translocation         2
   c - Song of Slaying                Charms                       2
   d - Spectral Weapon                Hexes/Charms                 3
   e - Regeneration                   Charms/Necromancy            3
 M - a book of Ice

   Spells                             Type                      Level
   a - Ice Form                       Ice/Transmutation            4
   b - Metabolic Englaciation         Hexes/Ice                    5
   c - Ozocubu's Refrigeration        Ice                          6
   d - Bolt of Cold                   Conjuration/Ice              6
   e - Freezing Cloud                 Conjuration/Ice/Air          6
   f - Simulacrum                     Ice/Necromancy               6
 S - a book of Changes

   Spells                             Type                      Level
   a - Beastly Appendage              Transmutation                1
   b - Sticks to Snakes               Transmutation                2
   c - Spider Form                    Transmutation/Poison         3
   d - Ice Form                       Ice/Transmutation            4
   e - Blade Hands                    Transmutation                5
 T - a book of Transfigurations

   Spells                             Type                      Level
   a - Irradiate                      Conjuration/Transmutation    5
   b - Statue Form                    Transmutation/Earth          6
   c - Hydra Form                     Transmutation                6
   d - Dragon Form                    Transmutation                7
 W - the Handbook of Dark Magic and Cold
   (You found it on level 11 of the Dungeon)

   Spells                             Type                      Level
   a - Pain                           Necromancy                   1
   b - Ozocubu's Armour               Charms/Ice                   3
   c - Ice Form                       Ice/Transmutation            4
   d - Bolt of Cold                   Conjuration/Ice              6
   e - Ozocubu's Refrigeration        Ice                          6
Comestibles
 f - 11 bread rations
 i - 9 meat rations
 k - 7 fruits
 m - 2 slices of pizza
 t - a royal jelly
 F - 5 chunks of flesh
 Q - 8 beef jerkies


   Skills:
 + Level 10.7 Fighting
 + Level 12.5 Long Blades
 + Level 12.2 Armour
 + Level 6.8 Dodging
 + Level 1.0 Stealth
 + Level 13.9 Shields
 + Level 1.5 Invocations
 + Level 0.1 Evocations


You had 11 spell levels left.
You didn't know any spells.

Dungeon Overview and Level Annotations

Branches:
Dungeon (12/15)            Temple (1/1) D:7            Lair (1/8) D:9
    Orc (0/2) D:10

Altars:
Ashenzari
Cheibriados
Dithmenos
Gozag
Makhleb
Nemelex Xobeh
Okawaru
Pakellas
Qazlal
Ru
Sif Muna
Trog
Vehumet
Xom
Zin
The Shining One

Shops:
D:4 [   D:11 ?


Innate Abilities, Weirdness & Mutations

You reflexively headbutt those who attack you in melee.
You have a pair of horns on your head.
You have a somewhat thin skeletal structure (Dex +2, Stealth).


Message History

F - 6 chunks of flesh You are engulfed in freezing vapours.
You see here a smoking spear.
R - a smoking spear Wield which item (- for none, * to show all)? (? for menu, Esc to quit)
The +5 spear of the Common Good {flame, *Corrode +Blink rElec SInv} bursts into flame!
R - the +5 spear of the Common Good (weapon)
{flame, *Corrode +Blink rElec SInv} Wield which item (- for none, * to show all)? (? for menu, Esc to quit)
The +5 spear of the Common Good {flame, *Corrode +Blink rElec SInv} stops flaming.
a - a +1 long sword (weapon)
You start resting.
Eating one of 6 chunks of flesh.
This raw flesh tastes terrible.
You continue eating. x2
You are engulfed in freezing vapours.
You are engulfed in freezing vapours.
* * * LOW HITPOINT WARNING * * *
You are engulfed in freezing vapours.
* * * LOW HITPOINT WARNING * * *
You are engulfed in freezing vapours.
You die...

.## .. ..#
.. #. .##
####.#
##.##@#
####§§#§§#
##..§§§§#§#
##.....##§##
#..##§##.##
#.#######
#..###.##
#..#....#
##......##


There were no monsters in sight!

Vanquished Creatures
  Gastronok (D:9)
  2 hydras
  A death knight (D:11)
  Pikel (D:5)
  2 deep elf magi (D:12)
  4 ugly things
  An orc sorcerer (D:11)
  A manticore (D:11)
  An ice statue (IceCv)
  Maurice (D:8)
  A gargoyle (D:12)
  A komodo dragon (D:9)
  A polar bear (IceCv)
  A two-headed ogre (D:9)
  Prince Ribbit (D:7)
  Sigmund (D:3)
  2 shadows (D:11)
  32 yaks
  A steam dragon (D:10)
  4 hippogriffs
  A hungry ghost (D:11)
  A mottled dragon (D:12)
  A water moccasin (D:3)
  Duvessa (D:5)
  4 porcupines (D:12)
  4 sky beasts
  A black bear (D:10)
  6 orc warriors
  An eye of draining (D:11)
  2 ice beasts
  A necrophage (D:6)
  4 ogres
  4 wolves (IceCv)
  A phantom (D:9)
  6 centaurs
  A crocodile (Lair:1)
  2 big kobolds
  5 giant frogs
  2 gnoll sergeants
  3 scorpions
  Dowan (D:5)
  17 killer bees
  3 wights (D:7)
  4 howler monkeys (D:11)
  4 centaur zombies
  A quasit (D:8)
  8 crimson imps
  4 centaur skeletons
  6 giant frog skeletons
  4 jellies
  7 orc priests
  Crazy Yiuf (D:3)
  8 hounds
  11 orc wizards
  4 iguanas
  5 worker ants
  2 killer bee zombies
  2 hound skeletons
  A mummy (D:9)
  Robin (D:2)
  2 worker ant zombies
  13 adders
  16 gnolls
  3 shadow imps
  2 adder zombies
  2 adder skeletons
  7 worms
  A dart slug (D:3)
  8 giant geckos
  54 orcs
  A ball python (D:1)
  4 giant cockroaches
  12 goblins
  11 hobgoblins
  13 jackals
  4 quokkas
  12 bats
  4 giant newts
  15 kobolds
  A quokka skeleton (D:7)
  11 rats
  3 plants (D:12)
404 creatures vanquished.

Vanquished Creatures (others)
  A polar bear (IceCv)
  A slave (D:5)
  2 wolves (IceCv)
  A centaur (D:5)
  A giant frog (D:5)
  2 crimson imps (D:5)
  A hound (D:5)
  A howler monkey skeleton (D:5)
  An adder (D:10)
  4 orcs (D:5)
  A quokka skeleton (D:5)
  4 plants
20 creatures vanquished.

Grand Total: 424 creatures vanquished

Notes
Turn   | Place    | Note
--------------------------------------------------------------
     0 | D:1      | Peloso the Minotaur Fighter began the quest for the Orb.
     0 | D:1      | Reached XP level 1. HP: 19/19 MP: 0/0
   279 | D:1      | Reached XP level 2. HP: 25/27 MP: 1/1
   818 | D:2      | Noticed Robin
   825 | D:2      | Killed Robin
   825 | D:2      | Reached XP level 3. HP: 19/33 MP: 2/2
   855 | D:2      | Reached skill level 4 in Shields
   861 | D:2      | Reached skill level 1 in Dodging
  1148 | D:2      | Found a sacrificial altar of Ru.
  1312 | D:2      | Reached XP level 4. HP: 35/40 MP: 3/3
  1470 | D:3      | Reached skill level 5 in Armour
  1616 | D:3      | Noticed Crazy Yiuf
  1623 | D:3      | Killed Crazy Yiuf
  1677 | D:3      | Reached XP level 5. HP: 36/46 MP: 4/4
  1765 | D:3      | Reached skill level 5 in Shields
  2088 | D:3      | Noticed a water moccasin
  2090 | D:3      | Reached XP level 6. HP: 50/53 MP: 5/5
  2102 | D:3      | Killed a water moccasin
  2147 | D:3      | Noticed Sigmund
  2206 | D:3      | Killed Sigmund
  2206 | D:3      | Reached skill level 6 in Shields
  2206 | D:3      | Reached XP level 7. HP: 32/60 MP: 6/6
  2673 | D:4      | Found a shattered altar of Ashenzari.
  2922 | D:4      | Found a radiant altar of Vehumet.
  2966 | D:4      | Found Wofijoing's Armour Shoppe.
  3125 | D:5      | Entered Level 5 of the Dungeon
  3142 | D:5      | Reached skill level 7 in Shields
  3241 | D:5      | Reached skill level 5 in Fighting
  3274 | D:5      | Noticed Pikel
  3298 | D:5      | Killed Pikel
  3298 | D:5      | Reached skill level 5 in Long Blades
  3298 | D:5      | Reached skill level 8 in Shields
  3298 | D:5      | Reached XP level 8. HP: 49/68 MP: 7/7
  3318 | D:5      | Found a glowing golden altar of the Shining One.
  3376 | D:5      | Noticed Dowan
  3377 | D:5      | Noticed Duvessa
  3385 | D:5      | Killed Dowan
  3400 | D:5      | HP: 2/68 [Duvessa/rapier (4)]
  3401 | D:5      | Killed Duvessa
  3817 | D:5      | Found a stormy altar of Qazlal.
  3997 | D:6      | Reached skill level 9 in Shields
  4065 | D:6      | Got a twisted chain mail
  4076 | D:6      | Identified the +1 chain mail "Ruhaobbe" {MR++ Str-4 Dex+2} (You found it on level 6 of the Dungeon)
  4204 | D:6      | Found a burning altar of Makhleb.
  4631 | D:7      | Noticed a purple ugly thing
  4666 | D:6      | Killed a purple ugly thing
  4666 | D:6      | Reached XP level 9. HP: 18/75 MP: 8/8
  4914 | D:6      | Gained mutation: You have a somewhat thin skeletal structure (Dex +2, Stealth). [potion of beneficial mutation]
  5252 | D:7      | Reached skill level 5 in Dodging
  5252 | D:7      | Reached skill level 10 in Shields
  5354 | D:7      | Found a staircase to the Ecumenical Temple.
  5513 | Temple   | Entered the Ecumenical Temple
  5601 | Temple   | Became a worshipper of Warmaster Okawaru
  5647 | D:8      | Noticed Maurice
  5675 | D:8      | Killed Maurice
  5675 | D:8      | Reached skill level 1 in Stealth
  5859 | D:8      | Noticed Prince Ribbit
  6295 | D:7      | Killed Prince Ribbit
  6295 | D:7      | Reached * piety under Okawaru
  6295 | D:7      | Reached XP level 10. HP: 36/84 MP: 9/9
  7047 | D:9      | Reached skill level 10 in Armour
  7094 | D:9      | Reached ** piety under Okawaru
  7210 | D:9      | Reached skill level 1 in Invocations
  7300 | D:9      | Noticed Gastronok
  7321 | D:9      | Killed Gastronok
  7321 | D:9      | Reached *** piety under Okawaru
  7321 | D:9      | Reached skill level 11 in Shields
  7405 | D:8      | Reached **** piety under Okawaru
  7720 | D:9      | Reached XP level 11. HP: 88/94 MP: 10/10
  7808 | D:9      | Found a bloodstained altar of Trog.
  7889 | D:9      | Found a snail-covered altar of Cheibriados.
  7916 | D:9      | Found a staircase to the Lair.
  7949 | D:9      | Identified a scroll of acquirement
  7952 | D:9      | Got a pair of faintly humming boots
  7958 | D:9      | Identified the +2 pair of boots of Houlek {Int-4 Slay+6} (You acquired it on level 9 of the Dungeon)
  8140 | D:9      | Found a sparkling altar of Nemelex Xobeh.
  8304 | D:10     | Entered Level 10 of the Dungeon
  8403 | D:10     | Found a staircase to the Orcish Mines.
  8494 | D:10     | Reached skill level 10 in Long Blades
  8509 | D:10     | Reached skill level 12 in Shields
  9220 | D:10     | Got a bronze scale mail
  9231 | D:10     | Identified the cursed +1 scale mail of Doxzu {MR+ Regen+ Int+5} (You found it on level 10 of the Dungeon)
  9567 | D:11     | Reached ***** piety under Okawaru
  9784 | D:11     | Noticed a death knight
  9811 | D:11     | Killed a death knight
  9958 | D:11     | Found a runed door.
  9986 | D:11     | Noticed a red ugly thing
  9986 | D:11     | Noticed an orc sorcerer
  9986 | D:11     | Noticed a purple ugly thing
  9986 | D:11     | Noticed a five-headed hydra
  9999 | D:11     | Killed a red ugly thing
 10003 | D:11     | Killed an orc sorcerer
 10003 | D:11     | Received a gift from Okawaru
 10003 | D:11     | Reached skill level 13 in Shields
 10004 | D:11     | Got a pair of encrusted gloves {god gift}
 10012 | D:11     | Killed an 11-headed hydra
 10015 | D:11     | Killed a purple ugly thing
 10021 | D:11     | Reached XP level 12. HP: 94/104 MP: 7/12
 10037 | D:11     | Identified the +0 pair of gloves "Sururchu" {Int+3 Dex+4 Stlth-} (Okawaru gifted it to you on level 11 of the Dungeon)
 10038 | D:11     | Identified the Handbook of Dark Magic and Cold
 10040 | D:11     | Got a pair of faintly humming gloves
 10051 | D:11     | Identified the cursed +0 pair of gloves of Disappointment {rElec} (You found it on level 11 of the Dungeon)
 10419 | D:11     | Found Boosch's Magic Scroll Shop.
 10427 | D:11     | Bought a scroll of brand weapon for 220 gold pieces
 10427 | D:11     | Bought a scroll of identify for 22 gold pieces
 10557 | D:12     | Noticed a six-headed hydra
 10570 | D:12     | Killed a six-headed hydra
 10609 | D:12     | Found an oddly glowing altar of Pakellas.
 10622 | D:12     | Reached skill level 10 in Fighting
 11281 | Lair:1   | Entered Level 1 of the Lair of Beasts
 11426 | Lair:1   | Found a frozen archway.
 11546 | IceCv    | Entered an ice cave
 11589 | IceCv    | Received a gift from Okawaru
 12038 | IceCv    | Got a smoking spear
 12039 | IceCv    | Identified the +5 spear of the Common Good {flame, *Corrode +Blink rElec SInv} (You found it in an ice cave)
 12073 | IceCv    | Engulfed by a cloud of freezing vapour

Skill      XL: |  1  2  3  4  5  6  7  8  9 10 11 12 |
---------------+-------------------------------------+-----
Armour         | 4 5 6 7 8 9 10 11 12 | 12.2
Shields        | 4 5 6 8 9 10 11 13 | 13.9
Dodging        | 1 2 3 4 5 6 |  6.8
Fighting       | 4 5 6 7 9 10 | 10.7
Long Blades    | 3 5 6 7 9 11 12 | 12.5
Stealth        | 1 |  1.0
Invocations    | 1 |  1.5
Evocations     | |  0.1

Action                   |  1- 3 |  4- 6 |  7- 9 | 10-12 || total
-------------------------+-------+-------+-------+-------++-------
Melee: Long sword        |   119 |   102 |   360 |   775 ||  1356
       Headbutt          |    13 |    22 |    76 |   225 ||   336
       Dagger            |       |       |       |     7 ||     7
Invok: Heroism           |       |       |       |     8 ||     8
Evoke: Wand              |       |       |       |     1 ||     1
  Use: Potion            |     2 |     1 |     3 |     1 ||     7
       Scroll            |       |       |    21 |    11 ||    32
  Eat: Chunk             |     1 |     3 |    10 |    24 ||    38
       Beef jerky        |       |       |     2 |       ||     2
Armor: Scale mail        |     9 |       |       |     3 ||    12
       Chain mail        |    60 |    43 |   118 |       ||   221
       Plate armour      |       |       |       |   322 ||   322
Dodge: Dodged            |    50 |    39 |   122 |   218 ||   429
Block: Shield            |    70 |    73 |   196 |   476 ||   815
